[Event "Israeli Team-ch 2023"]
[Site "Petah Tikva"]
[Date "2023.02.03"]
[Round "5.34"]
[White "Bronstein, Or"]
[Black "Aizenberg, Benny"]
[Result "1-0"]
[ECO "A58"]
[WhiteElo "2447"]
[BlackElo "2348"]
[Annotator "TA"]
[PlyCount "93"]
[EventDate "2023.01.13"]
[EventCountry "ISR"]
[SourceTitle "playchess.com"]
[Source "ChessBase"]
[SourceQuality "1"]
[TimeControl "40/5400+30:1800+30"]

1. d4 Nf6 2. c4 c5 3. d5 b5 4. cxb5 a6 5. bxa6 g6 6. Nc3 {[%emt 0:00:08] A58: Benko/Volga Gambit: Lines with 5 bxa6.} Bg7 7. e4 O-O 8. a7 {[%emt 0:01:52] White is slightly better.} Rxa7 9. Nf3 e6 10. Be2 exd5 11. exd5 d6 12. O-O Na6 13. Nb5 Rd7 14. Bg5 Bb7 15. Bc4 Qa8 16. Bxf6 Bxf6 17. Qd2 Nc7 18. Nxc7 Rxc7 19. Rac1 {[%emt 0:02:33] [#]} Re8 $146 ({Predecessor:} 19... Ba6 20. b3 Re8 21. Bxa6 Qxa6 22. Rfe1 Rxe1+ 23. Rxe1 Ra7 24. a4 Rb7 25. h4 h5 {½-½ Starodubtsev,V (2323)-Volodarsky,Y (2363) RUS Peak/KS email 2018}) 20. Rfe1 Rce7 21. Rxe7 Rxe7 22. b3 Kg7 23. h3 Ba6 24. Bxa6 Qxa6 25. Rc4 Qa8 26. h4 Ra7 (26... h6 $142) 27. a4 $16 h5 28. Qd3 Rb7 29. Nd2 (29. g3 $1 $18) 29... Bd4 30. Nf3 Bf6 31. Nd2 Bd4 $1 32. Rc1 Re7 {[%emt 0:01:18] [#]} 33. Nf3 $1 Qxd5 {[%emt 0:01:59][%cal Od4f2] Threatens to win with ...Bxf2+!} 34. Nxd4 cxd4 {[%emt 0:00:05][%mdl 4096] Endgame KQR-KQR} 35. b4 {[%emt 0:02:47][%cal Bb3b4,Bb4b5,Bb5b6,Bb6b7][%mdl 32] b5 would be deadly.} Re4 $2 {[%emt 0:01:51][%mdl 8192] This move loses the game for Black.} (35... Qe4 $16 {is tougher.} 36. Qxe4 Rxe4) 36. b5 $18 Rxh4 {[%emt 0:00:12] [#]} (36... Qf5 $142 37. Rf1 Rf4 38. Qxf5 gxf5) 37. b6 $1 Rg4 38. f3 {[%emt 0:00:49] Active counter play!} Rg5 39. Rb1 Qa2 40. Qxd4+ ({Don't go for} 40. g4 $2 hxg4 41. Rb5 (41. Qxd4+ $2 {too greedy.} f6 $19) 41... Rxb5 42. axb5 gxf3 43. Qxf3 Qa5 $19) 40... Kh7 41. Qb2 Qxa4 42. b7 {[%emt 0:00:01] White mates.} Qa7+ 43. Kh1 Qb8 44. Ra1 Re5 45. Ra8 Re2 46. Qf6 Qxb7 47. Rh8# {[%emt 0:00:03] Weighted Error Value: White=0.08 (flawless) /Black=0.37} 1-0

[Event "Israeli Team-ch 2023"]
[Site "Petah Tikva"]
[Date "2023.02.03"]
[Round "5.35"]
[White "Deutsch, Eyal"]
[Black "Guz, Ari"]
[Result "1/2-1/2"]
[ECO "D02"]
[WhiteElo "2297"]
[BlackElo "2306"]
[Annotator "TA"]
[PlyCount "44"]
[EventDate "2023.01.13"]
[EventCountry "ISR"]
[SourceTitle "playchess.com"]
[Source "ChessBase"]
[SourceQuality "1"]
[TimeControl "40/5400+30:1800+30"]

1. d4 d5 2. Nf3 Nf6 3. Bf4 e6 4. e3 Bd6 5. Bg3 O-O 6. Nbd2 c5 7. c3 Qc7 8. Bd3 Nbd7 9. Bxd6 Qxd6 10. O-O e5 11. dxe5 Nxe5 12. Nxe5 Qxe5 {[%emt 0:00:02] The position is equal.} 13. Qf3 {[%emt 0:01:07] D02: 1 d4 d5 2 Nf3 sidelines, including 2...Nf6 3 g3 and 2...Nf6 3 Bf4.} Bg4 14. Qg3 Qxg3 15. hxg3 {[%emt 0:00:23] [#] Not much happened in this game.   Weighted Error Value: White=0.07 (flawless) /Black=0.01 (flawless)} {Predecessor:} Rad8 $146 16. f3 Be6 17. g4 d4 18. cxd4 cxd4 19. e4 Rc8 20. Rfc1 h6 21. a3 Rfd8 22. Kf2 Nd7 {0-1 Bujisho,B (2290)-Haque,N (2263) Titled Tuesday intern op 12th May blitz 2020 (1)} 1/2-1/2

[Event "Israeli Team-ch 2023"]
[Site "Petah Tikva"]
[Date "2023.02.03"]
[Round "5.36"]
[White "Veinberg, Nimrod"]
[Black "Solomon, Asif"]
[Result "1-0"]
[ECO "D45"]
[WhiteElo "2400"]
[BlackElo "2272"]
[Annotator "TA"]
[PlyCount "89"]
[EventDate "2023.01.13"]
[EventCountry "ISR"]
[SourceTitle "playchess.com"]
[Source "ChessBase"]
[SourceQuality "1"]
[TimeControl "40/5400+30:1800+30"]

1. d4 Nf6 2. c4 e6 3. Nc3 Bb4 4. Bd2 O-O 5. Nf3 d5 6. e3 c6 7. Be2 {[%emt 0:00:42] D45: Semi-Slav: 5 e3.} Nbd7 8. O-O Bd6 9. Qc2 {[%emt 0:04:33] The position is equal.} Qe7 {[%emt 0:12:29] [#]} 10. Rfe1 $146 ({Predecessor:} 10. e4 dxe4 11. Nxe4 Nxe4 12. Qxe4 f5 13. Qc2 e5 14. Bg5 Qe8 15. dxe5 Nxe5 16. c5 Bc7 17. Rfe1 Nxf3+ 18. Bxf3 Qg6 {½-½ Kasoshvili,T (2174)-Melashvili,N (2125) Wch Seniors 50 (Women) 25th 2015 (3)}) 10... dxc4 11. Bxc4 e5 12. h3 (12. Bd3 {simplifies} Re8 13. Ne4 Nxe4 14. Bxe4 Nf6 15. dxe5 Nxe4 16. Qxe4 Bxe5 17. Nxe5 Qxe5 18. Qxe5 Rxe5 19. e4) 12... h6 (12... e4 $5 13. Ng5 Nb6 $11) 13. Nh4 {[%emt 0:12:02] Black must now prevent Nf5.} Nb6 14. Ng6 {[%emt 0:11:32] Prevents Nxc4.} Qc7 15. Bb3 {[%emt 0:01:50] dxe5 would be deadly. White is much more active. The black rooks are badly placed.} Re8 16. dxe5 Bxe5 17. e4 (17. Nxe5 $16 Qxe5 18. e4 (18. Qg6 Be6 $11)) 17... Nh5 (17... Bh2+ $11 {keeps the balance.} 18. Kh1 Be6) 18. Qd1 {[%emt 0:02:39] The board is on fire.} Nf4 ({Black should try} 18... Bh2+ 19. Kh1 Nf4) 19. Nxe5 $16 Qxe5 20. Qf3 Ne6 21. Rad1 Re7 (21... Bd7 $16) 22. Ne2 {[%emt 0:05:27] Threatens to win with Bc3.} Ng5 23. Bxg5 (23. Qc3 {simplifies} Qxc3 24. Bxc3 Be6 25. Bc2) 23... Qxg5 24. Rd8+ Kh7 25. Red1 $36 {[%emt 0:02:14][%mdl 2048] White is on the roll.} (25. Bxf7 $2 Rxf7 26. Qxf7 Qxd8 $19) 25... Be6 {[%emt 0:07:10] [#]} 26. Bxe6 $1 Rxd8 27. Bf5+ ({Don't do} 27. Rxd8 $6 Rxe6 28. Rd4 (28. Qxf7 $2 {is the wrong capture.} Qxd8 29. Qxe6 Qd1+ 30. Kh2 Qxe2 $19) 28... Re7 $11) 27... Qxf5 (27... g6 $16 {is a better defense.} 28. Rxd8 gxf5) 28. Qxf5+ $18 g6 {[%emt 0:00:03] [#]} 29. Qxf7+ $3 Rxf7 30. Rxd8 {[%emt 0:00:02][%mdl 4096] Endgame KRN-KRN} g5 31. f3 Kg6 32. Kf2 h5 33. b3 h4 34. Ke3 Kf6 (34... Re7 $142 35. Rd6+ Kf7) 35. Nd4 Ke7 36. Rh8 c5 37. Nb5 a6 38. Rh6 Nc8 39. Nc3 {[%emt 0:00:08] White is clearly winning.} Rg7 40. Na4 c4 41. bxc4 Nd6 42. Nb6 Nf7 43. Nd5+ Kd7 44. Rb6 Nd8 45. e5 {[%emt 0:00:00] A superb game by Veinberg.   Weighted Error Value: White=0.07 (flawless) /Black=0.29 (precise)} 1-0

[Event "Israeli Team-ch 2023"]
[Site "Petah Tikva"]
[Date "2023.02.10"]
[Round "7.1"]
[White "Tzidkiya, Yeshaayahu"]
[Black "Greenfeld, Alon"]
[Result "0-1"]
[ECO "B50"]
[WhiteElo "2415"]
[BlackElo "2460"]
[Annotator "TA"]
[PlyCount "96"]
[EventDate "2023.01.13"]
[EventCountry "ISR"]
[SourceTitle "playchess.com"]
[Source "ChessBase"]
[SourceQuality "1"]
[TimeControl "40/5400+30:1800+30"]

1. e4 c5 2. Nf3 d6 3. Bb5+ Bd7 4. Bxd7+ Nxd7 5. O-O Ngf6 6. Qe2 e6 7. b3 g6 {[%emt 0:05:05] B50: Sicilian: 2...d6, Miscellaneous.} 8. Bb2 Bg7 9. d4 cxd4 {[%emt 0:04:01] The position is equal.} 10. Nxd4 O-O 11. c4 a6 12. Nc3 Rc8 13. Rad1 Qa5 14. f4 {[%emt 0:18:03] [#]} Rfe8 $146 ({Predecessor:} 14... Qh5 15. Nf3 Qc5+ 16. Kh1 Nh5 17. Qd2 Rfd8 18. Na4 Qc6 19. Bxg7 Nxg7 20. Nd4 Qc7 {½-½ Kwon,S (2195)-Poh,Y (2081) Online Olym Div3 A rapid 2021 (9.4)}) 15. Nf3 (15. Nc2 {simplifies} Qc7 16. Kh1 Rcd8 17. Ne1) 15... Nh5 16. e5 Nxf4 17. Qe4 (17. Qe3 Qc5 18. Bc1 Qxe3+ 19. Bxe3 Nd5 20. Nxd5 exd5 21. Rxd5 Nxe5 $15) (17. Qd2 $11 Bh6 18. Kh1 (18. Qxd6 Nc5 $17) 18... Nxe5 19. g3 Nxf3 20. Rxf3 {[%mdl 64] Pin}) 17... Nh5 $15 (17... Bxe5 $2 18. Nxe5 (18. Qxb7 $2 Nc5 $19) 18... f5 19. Qxf4 $18) 18. Rxd6 ({Better is} 18. Na4 $1 $15 Nxe5 19. Nxe5 Bxe5 20. Bxe5 Qxe5 21. Qxb7) 18... Nxe5 $17 19. Na4 {[%emt 0:18:07][%cal Rb2e5] Prevents Qc5+.} Nxf3+ ({And not} 19... Nxc4 20. bxc4 Qxa4 21. Bxg7 Nxg7 22. Ne5 $17) 20. Rxf3 (20. Qxf3 $2 {too greedy.} Bxb2 21. Qxf7+ Kh8 $19) 20... Bxb2 21. Nxb2 Qc5+ (21... Qxa2 $19 22. Nd1 Qa5) 22. Qd4 Qxd4+ 23. Rxd4 Red8 {[%emt 0:00:20] Inhibits Rd7.} 24. Rxd8+ Rxd8 $15 {[%emt 0:00:02][%mdl 4096] Endgame KRN-KRN} 25. g4 Ng7 26. Nd3 h5 (26... Ne8 $17 27. g5 Rd4) 27. Ne5 Rd1+ 28. Kf2 Rd2+ $1 29. Ke3 Rxh2 {[%emt 0:00:36] Strongly threatening ...hxg4.} 30. Rxf7 hxg4 31. Rf6 {[%emt 0:00:56] [#]} ({Much weaker is} 31. Rxb7 g3 32. Rb8+ Kh7 $17) ({White must play} 31. Nxg4 $15 Rh3+ 32. Rf3 Nf5+ 33. Kf2) 31... Rxa2 $2 (31... Nf5+ $1 $19 32. Kf4 g3 33. Rxg6+ Kf8) 32. Kd4 $2 (32. Rxg6 $11 Rb2 33. Rxg4) 32... g3 33. Rxg6 g2 (33... Kh7 $19 {Threatens to win with ...Re2.} 34. Rg4 Nf5+ 35. Kd3 Ra1) 34. Rg4 $17 Rd2+ 35. Kc5 {[%emt 0:00:45] [#]} Kf8 $1 36. Ng6+ Kf7 {[%emt 0:00:28] Hoping for ...Nf5.} 37. Nh4 {[%emt 0:00:30][%mdl 8192] [#]} (37. Nh8+ $17 {nothing else works.} Kg8 38. Ng6) 37... b6+ $1 $19 38. Kxb6 {[%emt 0:00:03] [#]} Rd4 $3 {[%emt 0:00:05][%mdl 576] Promotion} 39. Rxg2 {[%emt 0:00:02] Black must now prevent Nf3.} (39. Rxg7+ Kxg7) 39... Rxh4 40. Kxa6 {[%emt 0:00:19] KRN-KR} e5 41. Rc2 (41. Ka5 $142 Nf5 42. Rg5) 41... Nf5 42. Rc1 Ke6 {[%emt 0:02:06] And now ...e4 would win.} 43. b4 Nd6 {[%emt 0:01:01] Black mates.} 44. c5 Rxb4 45. cxd6 Kxd6 46. Ka5 Rb2 47. Ka4 e4 48. Ka3 Rb8 {[%emt 0:00:13] Weighted Error Value: White=0.66/Black=0.22 (precise)} 0-1

[Event "Israeli Team-ch 2023"]
[Site "Petah Tikva"]
[Date "2023.02.10"]
[Round "7.2"]
[White "Khmelniker, Ilya"]
[Black "Bernadskiy, Vitaliy"]
[Result "1/2-1/2"]
[ECO "D66"]
[WhiteElo "2476"]
[BlackElo "2609"]
[Annotator "TA"]
[PlyCount "112"]
[EventDate "2023.01.13"]
[EventCountry "ISR"]
[SourceTitle "playchess.com"]
[Source "ChessBase"]
[SourceQuality "1"]
[TimeControl "40/5400+30:1800+30"]

1. d4 d5 2. Nf3 Nf6 3. c4 e6 4. Nc3 Be7 5. Bg5 h6 6. Bh4 O-O 7. e3 Nbd7 8. Rc1 c6 9. Bd3 dxc4 10. Bxc4 b5 11. Bd3 Bb7 12. O-O Rc8 13. a3 {[%emt 0:00:00] D66: Queen's Gambit Declined: Classical: Main Line (7 Rc1 c6 8 Bd3).} a5 14. Qe2 b4 15. axb4 axb4 16. Ne4 c5 17. Bxf6 Nxf6 18. Nxc5 Bxc5 19. dxc5 {[%emt 0:00:00] [#] Threatens to win with Nd4.} Bxf3 20. gxf3 Nd7 21. c6 Ne5 {[%emt 0:00:31][%csl LRc6,LRd3] [#]} 22. Rfd1 $146 {[%emt 0:00:00][%cal Od3h7] Hoping for Bh7+!} ({Predecessor:} 22. Bb5 Qd5 23. Kg2 Nxc6 24. Bxc6 Rxc6 25. Rxc6 Qxc6 26. Rd1 Rc8 27. Qd3 Qc2 28. Rd2 {½-½ Shulman,Y (2632)-Kaidanov,G (2595) USA-ch Saint Louis 2009 (9)}) 22... Qg5+ 23. Kh1 {[%emt 0:00:00] aiming for f4.} Nxc6 (23... Qh5 $5 24. Kg2 (24. Be4 $2 f5 $19) 24... Qg5+ 25. Kf1 Qh4 $11) 24. f4 $36 {[%emt 0:00:00][%mdl 2048] White fights for an advantage.} Qe7 25. Be4 Na7 {[%emt 0:04:45] Black is weak on the light squares} 26. Qa6 Rxc1 27. Rxc1 Rd8 28. Qa5 f5 {[%emt 0:02:37] [#]} (28... g6 $11) 29. Bf3 $1 $16 Nc8 30. Rc7 Qd6 (30... Qh4 $16 {keeps fighting.} 31. Qe5 (31. Qxb4 Qxf2) 31... Qf6) 31. Rb7 (31. Rc6 $18 Qd7 32. Rxe6 (32. Qxb4 Ne7 $14)) 31... Ne7 32. Qxb4 {[%emt 0:04:05] White is much more active.} (32. Rxb4 $2 {perishes.} Nc6 $19) (32. Qa7 $16 Kf8 33. h4) 32... Qxb4 $14 33. Rxb4 $16 {[%emt 0:00:01][%mdl 4096] Endgame KRB-KRN} Ng6 ({Black should play} 33... g5 $14) 34. Kg2 Nh4+ 35. Kg3 Nxf3 36. Kxf3 {[%emt 0:00:04] KR-KR} Kf7 37. Ke2 (37. Rb7+ $18 Kf6 38. h4) 37... Ra8 38. Rd4 g5 39. fxg5 hxg5 40. Kf3 (40. b4 $1 $14) 40... Ra2 41. Rb4 Ra1 42. Rb8 g4+ 43. Kg2 Kf6 44. b4 Rb1 {[%emt 0:00:00] The position is equal.} 45. b5 (45. h3 {simplifies} gxh3+ 46. Kxh3 Ke5 47. Kg2) 45... Ke5 46. b6 Ke4 47. b7 e5 48. Kg3 Rb2 49. Kh4 Rb1 50. Kg5 Rb6 51. Rf8 Rxb7 52. Rxf5 Rb1 53. Kf6 (53. Kxg4 {leads to mate.} Rg1+ 54. Kh5 Kxf5 55. f3 e4 56. fxe4+ Kxe4 57. Kh6 Kxe3 58. Kh5 Kf4 59. Kh6 Kf5 60. Kh5 Rg5+ 61. Kh6 Kf6 62. h3 Rc5 63. Kh7 Rh5+ 64. Kg8 Rxh3 65. Kf8 Rh8#) 53... Rb6+ 54. Kg5 Rb1 55. Kf6 (55. Kxg4 {gets mated.} Rg1+ 56. Kh5 Kxf5 57. f3 e4 58. fxe4+ Kxe4 59. Kh6 Kxe3 60. Kh5 Ke4 61. Kh4 Kf5 62. Kh5 Rg5+ 63. Kh6 Kf6 64. h4 Rf5 65. Kh7 Rh5+ 66. Kg8 Rxh4 67. Kf8 Rh8#) 55... Rb6+ 56. Kg5 Rb1 {[%emt 0:00:00] Weighted Error Value: White=0.14 (very precise) /Black=0.15 (very precise)} 1/2-1/2

[Event "Israeli Team-ch 2023"]
[Site "Petah Tikva"]
[Date "2023.02.10"]
[Round "7.3"]
[White "Aizenberg, Benny"]
[Black "Sokolovsky, Yahli"]
[Result "0-1"]
[ECO "C95"]
[WhiteElo "2348"]
[BlackElo "2431"]
[Annotator "TA"]
[PlyCount "198"]
[EventDate "2023.01.13"]
[EventCountry "ISR"]
[SourceTitle "playchess.com"]
[Source "ChessBase"]
[SourceQuality "1"]
[TimeControl "40/5400+30:1800+30"]

1. e4 e5 2. Nf3 Nc6 3. Bb5 a6 4. Ba4 Nf6 5. O-O Be7 6. Re1 b5 7. Bb3 d6 8. c3 O-O 9. h3 Nb8 10. d4 Nbd7 11. c4 c6 12. c5 h6 {[%emt 0:19:46] C95: Closed Ruy Lopez: Breyer Variation with 10 d4.} 13. cxd6 Bxd6 {[%emt 0:00:05] [#]} 14. Nh4 $146 (14. Be3 $11) ({Predecessor:} 14. Nbd2 c5 15. dxe5 Bxe5 16. Nf1 c4 17. Bc2 Bb7 18. Nxe5 Nxe5 19. Be3 Re8 20. f3 Qxd1 21. Raxd1 Rad8 22. Ng3 Rxd1 23. Rxd1 Re6 24. Nf5 Ne8 25. Kf2 Nc6 26. a3 Ne7 27. Rd7 {1-0 Lindblom,P-Prytz,O NOR-ch corr Norway 1965}) 14... Bb4 (14... exd4 $15 15. Qxd4 Ne5) 15. Bd2 $11 Bxd2 16. Nxd2 {[%emt 0:02:40][%cal Bb1d2,Bd2b3,Bb3c5][%mdl 32] Strongly threatening Rc1.} exd4 17. e5 Nd5 18. Bxd5 cxd5 (18... Qxh4 19. Bxc6 Ra7 20. Nf3 $16) 19. Nhf3 Nc5 20. Nb3 Na4 21. Qxd4 (21. Nfxd4 Nxb2 22. Qe2 Nc4 $15) 21... Be6 {[%emt 0:00:06] Black is weak on the dark squares} 22. Rac1 Rc8 23. Rxc8 Qxc8 24. Rc1 {[%emt 0:00:05] Wards off Qc2} Qb8 25. Nc5 Rc8 26. b3 (26. Nxa6 $2 Rxc1+ 27. Kh2 Qb6 28. Qxb6 Nxb6 $19) 26... Nb6 (26... Nxc5 $14 27. Rxc5 Rxc5 28. Qxc5 Qf8 29. Qxf8+ Kxf8) 27. Rc3 (27. Nxa6 $2 Rxc1+ 28. Kh2 Qa7 $19) 27... a5 28. Ne1 ({Better is} 28. Nxe6 $16 fxe6 29. Rxc8+ Nxc8 30. Qg4) 28... b4 29. Rg3 {[%emt 0:00:41] Threatens to win with Nxe6.} Qc7 30. Ned3 Bf5 (30... Nd7 $11 31. Nxd7 Qxd7) 31. Qh4 Kh7 32. Rf3 (32. Rxg7+ $1 $16 Kxg7 33. Qf6+ Kf8 34. Qxf5) 32... Bg6 $1 33. Qg4 Qe7 34. Qd4 Rc6 35. Rg3 Bf5 36. Kh2 Qc7 37. e6 fxe6 38. Nd7 {[%emt 0:00:31][%csl Gg3][%cal Rd4g7][%mdl 64] Decoy. Excellent horsemanship.} Qxg3+ 39. fxg3 $16 (39. Kxg3 Nxd7 40. Qa7 Nf6 $11) 39... Nxd7 40. Nf2 (40. g4 $14 Be4 41. Nf2) 40... Rc2 41. g4 Bg6 {[%emt 0:01:20] ...Nf6 is the strong threat.} 42. h4 {[%emt 0:00:00] aiming for h5.} Nf6 43. g5 Rxf2 {[%emt 0:02:22][%mdl 64] Remove Defender, Decoy} 44. gxf6 $1 Rxf6 $11 {[%emt 0:00:03][%mdl 4096] Endgame KQ-KRB} (44... Rxa2 {leads to mate.} 45. Qa7 (45. fxg7 Be4 $11) (45. fxg7 Be4 $11)) 45. Qa7 Be4 46. Qxa5 Rf2 47. Kg3 (47. Qxb4 $11 {and White stays safe.} Rxa2 48. Qd6) 47... Rxg2+ $19 48. Kf4 {[%emt 0:00:00] [#]} Bf5 $1 49. Ke5 Re2+ 50. Kd4 Re4+ 51. Kc5 Rxh4 52. a4 (52. Kd6 $142 Re4 53. a4 bxa3 54. Qxa3) 52... bxa3 53. Qxa3 d4 54. Qb4 Rh3 (54... Re4 $142 55. Qd2 d3) 55. Qxd4 Rxb3 56. Qh4 Rd3 57. Kc6 $2 (57. Qe7) 57... Kg6 58. Qe7 h5 59. Qe8+ Kg5 {[%emt 0:00:25] Hoping for ...Kg4.} 60. Qe7+ {[%emt 0:00:00] [#]} Kh6 $1 61. Kc7 Rd4 62. Qc5 $2 {[%emt 0:00:21] Wards off Rc4} (62. Qe8) 62... Rd5 (62... Re4 $142 63. Qc1+ Kg6) 63. Qe7 Kh7 64. Qf7 Bg4 {[%emt 0:00:42] White must now prevent ...Rf5.} 65. Qe7 (65. Qf4 $142) 65... Kh6 66. Qe8 Bf5 67. Qe7 $1 Rd4 $2 (67... Rd1 68. Qb4 Rd3) 68. Qc5 $1 Rg4 {[%emt 0:01:59] ...Kh7 would be deadly.} 69. Qf8 (69. Qc1+ $142 Kh7 70. Kd6) 69... Kh7 70. Qe8 Rg6 71. Qe7 Rf6 72. Qb4 e5 73. Qh4 Kh6 74. Qh2 Re6 75. Qd2+ Kh7 76. Qd5 h4 77. Qf3 g6 78. Qf2 h3 79. Qh4+ Kg7 80. Qd8 e4 81. Qd4+ Kh7 82. Qd7+ Kh6 83. Qd8 e3 84. Qh4+ Kg7 85. Qd4+ Kf7 86. Qh4 e2 87. Qh7+ Kf6 88. Qh4+ Kg7 89. Qe1 h2 90. Qa1+ Kh7 91. Qe1 Kg8 92. Kd8 {[%emt 0:01:25] [#]} h1=Q $1 {[%emt 0:01:22][%mdl 64] Promotion} 93. Qxh1 e1=Q 94. Qd5 Qe5 95. Qb3 Qd6+ 96. Kc8 Qf8+ 97. Kb7 Qf7+ 98. Ka8 Re8+ 99. Qb8 Be4# {[%emt 0:00:11] Weighted Error Value: White=0.39/Black=0.28 (precise)} 0-1

[Event "Israeli Team-ch 2023"]
[Site "Petah Tikva"]
[Date "2023.02.10"]
[Round "7.5"]
[White "Solomon, Asif"]
[Black "Vydeslaver, Alik"]
[Result "1/2-1/2"]
[ECO "A41"]
[WhiteElo "2272"]
[BlackElo "2385"]
[Annotator "TA"]
[PlyCount "37"]
[EventDate "2023.01.13"]
[EventCountry "ISR"]
[SourceTitle "playchess.com"]
[Source "ChessBase"]
[SourceQuality "1"]
[TimeControl "40/5400+30:1800+30"]

1. d4 d6 2. g3 e5 3. dxe5 dxe5 4. Qxd8+ Kxd8 5. Bg2 c6 6. f4 {[%emt 0:03:02] A41: 1 d4 d6: Tartakower System and Modern Defence.} Nf6 7. Nc3 exf4 8. Bxf4 {[%emt 0:01:43] White is slightly better.} Be6 9. Nf3 Nbd7 10. Ng5 Bb4 11. Nxe6+ fxe6 {[%emt 0:00:01] [#]} 12. Bd2 $146 {[%emt 0:01:01] This pair of bishops is nice.} ({Predecessor:} 12. O-O-O Ke7 13. a3 Bxc3 14. Bd6+ Kf7 15. bxc3 Nb6 16. e4 Nc4 17. e5 Rhd8 18. Bh3 Nxd6 19. exd6 {½-½ Benjamin,J (2556)-Christiansen,L (2585) USA tt ICC INT 2010 (5)}) 12... Nd5 13. Rf1 N7f6 14. O-O-O {[%emt 0:04:34] Strongly threatening e4.} Ke8 15. h3 Nxc3 16. bxc3 Bc5 17. c4 Rd8 18. g4 h6 19. Bc3 {[%emt 0:05:29] Weighted Error Value: White=0.15 (very precise) /Black=0.12 (very precise)} 1/2-1/2

[Event "Israeli Team-ch 2023"]
[Site "Petah Tikva"]
[Date "2023.02.10"]
[Round "7.8"]
[White "Fridman, Daniel"]
[Black "Bronstein, Or"]
[Result "0-1"]
[ECO "D78"]
[WhiteElo "2595"]
[BlackElo "2447"]
[Annotator "TA"]
[PlyCount "68"]
[EventDate "2023.01.13"]
[EventCountry "ISR"]
[SourceTitle "playchess.com"]
[Source "ChessBase"]
[SourceQuality "1"]
[TimeControl "40/5400+30:1800+30"]

1. Nf3 d5 2. g3 g6 3. Bg2 Bg7 4. d4 Nf6 5. O-O O-O 6. c4 c6 7. Nbd2 a5 8. b3 Bf5 9. Bb2 b5 {[%emt 0:12:47] D78: Fianchetto Grünfeld: 6 0-0 c6.} 10. Ne5 Qb6 11. cxd5 cxd5 {[%emt 0:00:16] The position is equal.} 12. Rc1 {[%emt 0:00:07] [#]} Nbd7 $146 ({Predecessor:} 12... Na6 13. e3 Rac8 14. Qe2 Nb4 15. a3 Na2 16. Rxc8 Rxc8 17. e4 dxe4 18. Nxe4 Nxe4 19. Bxe4 {1-0 Fressinet,L (2702)-Bauer,C (2664) Villandry FFE GP KO 4th rapid 2012 (1.1)}) 13. e3 Rac8 {[%emt 0:11:16] Prevents Nc6} 14. Qe2 h5 15. h3 Nxe5 16. dxe5 {[%emt 0:00:09] [#] Bd4 would be deadly.} Ne4 $1 17. Nxe4 Bxe4 18. Qd2 Bxg2 19. Kxg2 Qe6 20. Qxa5 Ra8 21. Qxb5 {[%emt 0:00:09] And now Rc6 would win.} Rxa2 22. Bd4 Bxe5 23. Rc6 Bd6 {[%emt 0:01:16] aiming for ...Qe4+.} 24. Qd3 Qd7 25. Rfc1 Rb8 $40 {[%emt 0:03:23][%mdl 128] White needs to defend precisely.} 26. Qb1 Raa8 27. Qc2 Kh7 28. Bb2 Qb7 (28... Ra2 {feels hotter.} 29. Qb1 Ra5 30. Qd3 Rab5) 29. Qc3 f6 {[%emt 0:00:05] White must now prevent ...Be5.} (29... Qxb3 $2 30. Qg7#) 30. Qd3 Ra2 31. Bxf6 {[%emt 0:00:46][%mdl 8192] [#] White does not recover from this.} Rf8 $1 $19 32. Rxd6 $2 ({Worse is} 32. Qxd5 Rxf6 33. Rf1 (33. Rxd6 $2 Rfxf2+ 34. Kg1 Qb8 $19) 33... Bxg3 $19) (32. R1c2 Rxc2 33. Rxc2 Rxf6 34. Ra2) 32... exd6 33. Qb1 Rd2 34. Qa1 d4+ {[%emt 0:00:07] Weighted Error Value: White=0.69/Black=0.05 (flawless)} ({But not} 34... Qxb3 35. Qa7+) 0-1

[Event "Israeli Team-ch 2023"]
[Site "Petah Tikva"]
[Date "2023.02.10"]
[Round "7.9"]
[White "Zanan, Evgeny"]
[Black "Gruenfeld, Yehuda"]
[Result "1-0"]
[ECO "B60"]
[WhiteElo "2483"]
[BlackElo "2414"]
[Annotator "TA"]
[PlyCount "85"]
[EventDate "2023.01.13"]
[EventCountry "ISR"]
[SourceTitle "playchess.com"]
[Source "ChessBase"]
[SourceQuality "1"]
[TimeControl "40/5400+30:1800+30"]

1. e4 c5 2. Nf3 d6 3. d4 cxd4 4. Nxd4 Nf6 5. Nc3 a6 6. Bg5 Nc6 7. Nxc6 {[%emt 0:03:25] B60: Sicilian: Richter-Rauzer: Unusual Black 6th moves and 6...Bd7 without 7 Qd2.} bxc6 8. Bc4 Qa5 9. Qd2 {[%emt 0:10:46] White is slightly better.} e6 10. Bb3 Be7 11. O-O (11. O-O-O $5) 11... O-O {[%emt 0:05:41] [#] White stays focused until the end.} (11... Qc7 $11 {remains equal.}) 12. Nd5 $1 $16 {[%emt 0:04:59][%mdl 576] Discovered Attack} Qd8 13. Nxe7+ Qxe7 14. Rad1 a5 15. Rfe1 (15. Qxd6 $2 Qxd6 16. Rxd6 Nxe4 $19) 15... a4 16. Bc4 (16. Qxd6 Qxd6 17. Rxd6 axb3 $19) 16... h6 {[%emt 0:00:07] [#]} 17. Bh4 {[%emt 0:01:02] [#] White has more active pieces. The black rooks are badly placed.} (17. Qxd6 $2 Qxd6 18. Rxd6 hxg5 $19) (17. Bxf6 Qxf6 18. Qxd6 Qxb2 $14) 17... Ba6 $146 ({Predecessor:} 17... g5 18. Bxg5 hxg5 19. Qxg5+ Kh8 20. Re3 Ra7 21. Rh3+ Nh7 22. Rxh7+ Kxh7 23. Qh5+ Kg7 {½-½ Kuegel,T (1939)-Hoette,P (1942) GER-ch U16 Oberhof 2010 (9)}) 18. Bxa6 (18. Qxd6 $2 {is the wrong capture.} Qxd6 19. Rxd6 Bxc4 $19) 18... Rxa6 19. Qxd6 Qxd6 20. Rxd6 Rb8 {[%emt 0:00:23] Black is weak on the dark squares} 21. Bxf6 gxf6 {[%emt 0:00:07][%mdl 4096] Endgame KRR-KRR} 22. b3 axb3 23. axb3 Rba8 24. f3 c5 (24... Kf8 $16 {is a better defense.} 25. Kf2 c5 26. Rxa6 Rxa6) 25. Rxa6 $18 Rxa6 {[%emt 0:00:08] KR-KR} 26. Re3 Kg7 27. Rc3 Ra5 28. Kf2 Kg6 29. Rc4 f5 30. Ke3 fxe4 31. Kxe4 ({Much less strong is} 31. Rxe4 $6 Ra1 32. Rc4 Ra5 $18) 31... Kf6 32. Kd3 Rb5 33. Rf4+ Kg6 34. Ra4 Rb7 35. Kc4 Rd7 (35... Kf6 $142 36. c3 (36. Kxc5 Rc7+ 37. Kd6 Rxc2 $18) 36... Ke7) 36. c3 Rd2 37. Kxc5 {[%emt 0:00:08] Strongly threatening b4.} Rxg2 38. Rg4+ {[%emt 0:03:16] White mates.} Rxg4 39. fxg4 f5 40. gxf5+ Kxf5 41. b4 e5 42. b5 e4 43. Kd4 {[%emt 0:00:08] Weighted Error Value: White=0.04 (flawless) /Black=0.43} 1-0